[Event "Titled Tuesday Blitz December 27 Early 2022"]
[White "McCoy, Owen"]
[Black "Hirneise, Jens"]
[WhiteFideId "30924502"]
[BlackFideId "24614734"]
[WhiteElo "2085"]
[BlackElo "2277"]
[Result "0-1"]
[Round "10"]
[TimeControl "180+2"]
[Date "2022.12.27"]
[WhiteClock "0:00:01"]
[BlackClock "0:00:03"]

1. Nf3 d5 2. g3 g6 3. Bg2 Bg7 4. O-O e5 5. d3 Ne7 6. Nbd2 O-O 7. e4 dxe4 8. Nxe4 f6 9. c3 Be6 10. Nc5 Bd5 11. c4 b6 12. cxd5 bxc5 13. Qb3 Kh8 14. Be3 Nd7 15. Nd2 Rb8 16. Qa3 Rf7 17. b3 Nb6 18. Bxc5 Nexd5 19. Qxa7 Nc3 20. Ne4 Nb5 21. Qa5 Nd4 22. Qd2 Rd7 23. b4 Ne6 24. Rfd1 f5 25. a4 fxe4 26. Bxe4 Nd5 27. a5 Nxc5 28. bxc5 c6 29. a6 Ra7 30. Qc2 Rba8 31. Qc4 Qc8 32. Rdb1 Bf6 33. Bxd5 cxd5 34. Qxd5 e4 35. Ra4 exd3 36. Qxd3 Rxa6 37. Rxa6 Rxa6 38. Qd5 Rc6 39. Qf7 Qg8 40. Qa7 Rc8 41. Rb7 Bd4 42. Qa6 Qf8 0-1


[Site "https://www.chess.com"]

[Event "Titled Tuesday Blitz December 27 Early 2022"]
[White "Melikhov, Evgeny V."]
[Black "Orujov, Elshad"]
[WhiteFideId "4122046"]
[BlackFideId "13403540"]
[WhiteElo "2269"]
[BlackElo "2304"]
[Result "1-0"]
[Round "10"]
[TimeControl "180+2"]
[Date "2022.12.27"]
[WhiteClock "0:00:59"]
[BlackClock "0:02:02"]

1. d4 Nf6 2. c4 e6 3. Nc3 d5 4. cxd5 exd5 5. Bg5 Be7 6. e3 O-O 7. Bd3 c6 8. Qc2 Nbd7 9. Nf3 Re8 10. O-O Nf8 11. h3 Ng6 12. Ne5 Nxe5 13. dxe5 Ne4 14. Bxe7 Qxe7 15. Nxe4 dxe4 16. Bxe4 Qxe5 17. Bxh7+ Kh8 18. Bd3 Be6 19. Qe2 Rad8 20. Rfd1 Kg8 21. b3 Rd7 22. Bc4 Red8 23. Bxe6 Qxe6 24. Rxd7 Rxd7 25. Rd1 Rxd1+ 26. Qxd1 Qe5 27. Qd4 Qa5 28. Qa1 b5 29. g3 c5 30. Qe5 c4 31. bxc4 Qe1+ 32. Kg2 bxc4 33. Qe8+ Kh7 34. Qe4+ g6 35. Qxc4 a5 36. Qxf7+ Kh6 37. a4 Qb4 38. Qf4+ g5 39. Qxb4 axb4 40. a5 b3 41. a6 b2 42. a7 b1=Q 43. a8=Q Qb4 44. Qd5 g4 45. Qe6+ Kh7 46. Qxg4 Qb7+ 47. Qf3 Qc7 48. g4 Qg7 49. h4 Qh6 50. Qf7+ Kh8 51. Qh5 1-0


[Site "https://www.chess.com"]

[Event "Titled Tuesday Blitz December 27 Early 2022"]
[White "Mikhailovsky, Vladimir"]
[Black "Volkov, Maksim"]
[WhiteFideId "34105414"]
[BlackFideId "54123070"]
[WhiteElo "2215"]
[BlackElo "2258"]
[Result "1/2-1/2"]
[Round "10"]
[TimeControl "180+2"]
[Date "2022.12.27"]
[WhiteClock "0:00:14"]
[BlackClock "0:00:11"]

1. e4 c5 2. c3 Nf6 3. e5 Nd5 4. Nf3 d6 5. Bc4 Nb6 6. Bb3 c4 7. Bc2 Nc6 8. exd6 Qxd6 9. O-O Bg4 10. Qe2 e6 11. b3 cxb3 12. axb3 Qc7 13. d4 Bd6 14. h3 Bxf3 15. Qxf3 Nxd4 16. cxd4 Qxc2 17. Qxb7 O-O 18. Rxa7 Rxa7 19. Qxa7 Qxb3 20. Nd2 Qb5 21. Nf3 Qc6 22. Qa6 Ra8 23. Qd3 h6 24. Bd2 Qd5 25. Rb1 Nc4 26. Rc1 Rc8 27. Be3 Be7 28. Qb3 Bf6 29. Nd2 Nd6 30. Rxc8+ Nxc8 31. Qb8 Qc6 32. Ne4 Qxe4 33. Qxc8+ Kh7 34. Qd7 Kg6 35. Qb5 h5 36. Qd7 Qd5 37. Qa4 Qe4 38. Qa7 Qb1+ 39. Kh2 Qf5 40. Kg1 h4 41. Qa4 Qe4 42. Qd1 Be7 43. Qc1 Bf6 44. Qd1 Qd5 45. Qd3+ Qf5 46. Qd1 Qe4 47. Kf1 Be7 48. Qd2 f5 49. f3 Qb1+ 50. Ke2 Bf6 51. Kf2 Qb5 52. Bf4 Qd5 53. Be3 Qd6 54. Qd3 e5 55. d5 Be7 56. Bd2 Qd7 57. Ke2 Kf6 58. Bc3 Bd6 59. f4 Qe7 60. Qe3 g6 61. Qf2 Kf7 62. fxe5 Bxe5 63. Kd3 Qd6 64. Bxe5 Qxe5 65. Qd4 Kf6 66. d6 Qxd4+ 67. Kxd4 Ke6 68. Kc5 Kd7 69. Kd5 g5 70. Ke5 g4 71. Kxf5 gxh3 72. gxh3 Kxd6 73. Kg5 Ke6 74. Kxh4 Kf7 75. Kh5 Kg8 76. Kh6 Kh8 77. Kg6 Kg8 78. h4 Kh8 79. h5 Kg8 80. Kf5 Kh8 81. h6 Kg8 82. h7+ Kh8 83. Ke4 Kxh7 1/2-1/2


[Site "https://www.chess.com"]

[Event "Titled Tuesday Blitz December 27 Early 2022"]
[White "Mohammadian, Mohammad"]
[Black "Sovetbekova, Nurai"]
[WhiteFideId "12566055"]
[BlackFideId "13801910"]
[WhiteElo "1398"]
[BlackElo "1764"]
[Result "1-0"]
[Round "10"]
[TimeControl "180+2"]
[Date "2022.12.27"]
[WhiteClock "0:00:44"]
[BlackClock "0:00:11"]

1. e4 c5 2. Nf3 d6 3. d4 cxd4 4. Nxd4 Nf6 5. Nc3 a6 6. Be2 e5 7. Nb3 Be7 8. Be3 Be6 9. O-O O-O 10. Qe1 Nbd7 11. Rd1 Qc7 12. f3 Nc5 13. Nxc5 dxc5 14. Qf2 b5 15. a3 Rfd8 16. Kh1 Qc6 17. Qg3 Qc7 18. Qf2 Rac8 19. h3 Qc6 20. Qg3 Qc7 21. Qf2 Rb8 22. f4 exf4 23. Bxf4 Qb7 24. Bxb8 Rxb8 25. Rd2 Nxe4 26. Nxe4 Qxe4 27. Bd3 Qc6 28. Rfd1 Bxh3 29. Qg3 Be6 30. Qxb8+ Bf8 31. Bxh7+ Kxh7 32. Qxf8 Qe4 33. Rd8 Qh4+ 34. Kg1 Qg4 35. Qh8+ Kg6 36. Qh3 Qxd1+ 37. Rxd1 Bxh3 38. gxh3 Kf5 39. Kg2 Ke4 40. Kf2 f5 41. Rd7 g5 42. Rg7 Kf4 43. Rg8 a5 44. Rb8 b4 45. axb4 axb4 46. Rc8 g4 47. hxg4 fxg4 48. Rxc5 g3+ 49. Kg2 1-0


[Site "https://www.chess.com"]

[Event "Titled Tuesday Blitz December 27 Early 2022"]
[White "Mohammed, Zozek Salah Mohammed"]
[Black "Korchmar, Vasiliy"]
[WhiteFideId "4803361"]
[BlackFideId "24131750"]
[WhiteElo "2210"]
[BlackElo "2438"]
[Result "0-1"]
[Round "10"]
[TimeControl "180+2"]
[Date "2022.12.27"]
[WhiteClock "0:00:37"]
[BlackClock "0:01:29"]

1. d4 d5 2. c4 c6 3. Nf3 Nf6 4. g3 Bg4 5. Bg2 Nbd7 6. O-O e6 7. Ne5 Nxe5 8. dxe5 Nd7 9. cxd5 cxd5 10. Nc3 Bc5 11. Qb3 Bb6 12. e4 d4 13. Nb5 O-O 14. f4 Be2 15. Re1 Nc5 16. Qb4 a5 17. Qxd4 Nd3 18. Rxe2 Bxd4+ 19. Nxd4 Nxc1 0-1


[Site "https://www.chess.com"]

[Event "Titled Tuesday Blitz December 27 Early 2022"]
[White "Moral Garcia, Serafin"]
[Black "Bintang, Rasyid A. Hidayat"]
[WhiteFideId "2201925"]
[BlackFideId "7105355"]
[WhiteElo "2238"]
[BlackElo "1820"]
[Result "0-1"]
[Round "10"]
[TimeControl "180+2"]
[Date "2022.12.27"]
[WhiteClock "0:01:22"]
[BlackClock "0:01:20"]

1. c4 Nc6 2. Nc3 e5 3. g3 Bc5 4. Bg2 d6 5. e3 a6 6. Nge2 Ba7 7. d4 Nf6 8. O-O h5 9. h4 O-O 10. b3 Bg4 11. f3 Bf5 12. Ba3 Re8 13. Qd2 exd4 14. exd4 Qd7 15. Kh2 Re7 16. d5 Ne5 17. Nd4 Bd3 18. Nde2 Be3 19. Qd1 Rae8 20. Nf4 Bxf1 21. Qxf1 Bxf4 22. gxf4 Ng6 23. Bh3 Qd8 24. Bf5 Nxf4 25. Bc1 Ne2 26. Bg5 Nxc3 27. Qg1 Re2+ 28. Kh3 Kf8 29. Qg3 Qe7 30. Rg1 Qe5 0-1


[Site "https://www.chess.com"]

[Event "Titled Tuesday Blitz December 27 Early 2022"]
[White "Moreno Perez, Tobias Sebastian"]
[Black "Mendez Fortes, Eduardo Jesus"]
[WhiteFideId "186716"]
[BlackFideId "3502376"]
[WhiteElo "2256"]
[BlackElo "2250"]
[Result "0-1"]
[Round "10"]
[TimeControl "180+2"]
[Date "2022.12.27"]
[WhiteClock "0:00:01"]
[BlackClock "0:00:05"]

1. Nf3 d5 2. b3 Nf6 3. Bb2 e6 4. g3 c5 5. Bg2 Nc6 6. O-O d4 7. e3 Be7 8. Na3 O-O 9. c4 e5 10. exd4 cxd4 11. d3 Re8 12. Nc2 Nd7 13. Re1 Bf8 14. Nd2 a5 15. a3 Ra7 16. Qe2 Nc5 17. b4 Na4 18. b5 Nxb2 19. bxc6 bxc6 20. Reb1 Na4 21. Rb8 Bd6 22. Rb3 Nc3 23. Qh5 g6 24. Qf3 Rc7 25. Rxc3 dxc3 26. Ne4 f5 27. Nxc3 Bc5 28. Na4 Bd4 29. Re1 c5 30. Nb6 Bb7 31. Qe2 Bxg2 32. Kxg2 e4 33. Nd5 Rd7 34. Qd2 Rxd5 35. cxd5 Qxd5 36. dxe4 Rxe4 37. Rxe4 Qxe4+ 38. f3 Qe5 39. Qd3 a4 40. Qa6 Kg7 41. Qb7+ Kh6 42. Qb5 Bc3 43. Qd3 Bd4 44. h4 Kg7 45. Kh3 Qd5 46. Qe2 Qd7 47. Kg2 h5 48. Ne1 Qd5 49. Nd3 Kf7 50. Nf4 Qb3 51. Qa6 Qc2+ 52. Kh3 Bg1 53. Qe6+ Kf8 54. Qf6+ Ke8 55. Qxg6+ Kd8 56. Qd6+ Kc8 57. Qc6+ Kb8 58. Qb6+ Kc8 59. Qc6+ Kd8 60. Qd6+ Kc8 61. Ng2 f4 62. Qc6+ Kd8 63. Qd6+ Ke8 64. Qxf4 Qd3 65. Qb8+ Ke7 66. Qb7+ Qd7+ 67. Qxd7+ Kxd7 68. Nf4 Be3 0-1


[Site "https://www.chess.com"]

[Event "Titled Tuesday Blitz December 27 Early 2022"]
[White "Moroni, Luca Jr"]
[Black "Timofeev, Artyom"]
[WhiteFideId "865834"]
[BlackFideId "4140419"]
[WhiteElo "2535"]
[BlackElo "2567"]
[Result "0-1"]
[Round "10"]
[TimeControl "180+2"]
[Date "2022.12.27"]
[WhiteClock "0:00:02"]
[BlackClock "0:00:07"]

1. d4 d5 2. Bf4 Nf6 3. e3 e6 4. Nf3 Bd6 5. Nbd2 O-O 6. Bd3 b6 7. Qe2 Bb7 8. h4 Nbd7 9. h5 Ne4 10. h6 g6 11. O-O-O Qe7 12. Kb1 a5 13. c4 a4 14. cxd5 exd5 15. Bxe4 dxe4 16. Ng5 Bd5 17. Rc1 Bxf4 18. exf4 c5 19. Ngxe4 Rfe8 20. Rhe1 f5 21. Nc3 Qxe2 22. Rxe2 Rxe2 23. Nxe2 Bxg2 24. a3 Re8 25. Ng3 Bd5 26. dxc5 Nxc5 27. Nc4 Bxc4 28. Rxc4 Kf7 29. Kc2 Re1 30. Rb4 Re6 31. Kc3 Ke7 32. Rd4 Re1 33. Kb4 Rb1 34. Rd2 Nb3 35. Re2+ Kf6 36. Kxa4 Nd4 37. Rd2 Ne6 38. Ne2 Rh1 39. Kb5 Rxh6 40. Kxb6 Rh2 41. Nc3 h5 42. a4 Rh1 43. a5 Ra1 44. a6 h4 45. a7 Nxf4 46. Rd8 h3 47. Rh8 Nh5 48. a8=Q Rxa8 49. Rxa8 Ke5 50. Ra1 g5 51. b4 g4 52. b5 f4 53. Ka7 Nf6 54. b6 Nd7 55. b7 g3 56. fxg3 fxg3 57. Ne2 g2 58. Rd1 h2 59. Rxd7 g1=Q+ 60. Ka8 Qa1+ 61. Kb8 h1=Q 62. Kc8 Qh8+ 63. Rd8 Qh3+ 64. Rd7 Qa6 65. Nd4 Qxd7+ 0-1


[Site "https://www.chess.com"]

[Event "Titled Tuesday Blitz December 27 Early 2022"]
[White "Moskvin, Anatoly"]
[Black "Cardoso Cardoso, Jose Gabriel"]
[WhiteFideId "24199990"]
[BlackFideId "4430492"]
[WhiteElo "2189"]
[BlackElo "2492"]
[Result "0-1"]
[Round "10"]
[TimeControl "180+2"]
[Date "2022.12.27"]
[WhiteClock "0:00:03"]
[BlackClock "0:00:31"]

1. e4 g6 2. d4 Bg7 3. Nc3 d6 4. Be3 a6 5. Qd2 Nd7 6. h4 h5 7. Nh3 e6 8. Ng5 b5 9. f3 Qe7 10. O-O-O Bb7 11. Kb1 Ngf6 12. Be2 Nb6 13. Rdg1 b4 14. Nd1 a5 15. d5 exd5 16. Bxb6 cxb6 17. Bb5+ Kf8 18. exd5 Nxd5 19. Re1 Qf6 20. Ne4 Qd8 21. f4 Nf6 22. Nxd6 Bd5 23. Nc4 Bxc4 24. Qxd8+ Rxd8 25. Bxc4 Ng4 26. Re2 Rd4 27. Rhe1 Bf6 28. Re8+ Kg7 29. Rxh8 Kxh8 30. Bxf7 Kg7 31. Be6 Rxf4 32. g3 Rd4 33. c3 Rd3 34. Bxg4 hxg4 35. cxb4 Rxg3 36. bxa5 bxa5 37. Ne3 Bxh4 38. Re2 Bg5 39. Ng2 Rf3 40. Kc2 g3 41. b3 Kf6 42. a3 Kf5 43. b4 Rxa3 44. bxa5 Rxa5 45. Kd3 Ra3+ 46. Kd4 Kg4 47. Rb2 Bf6+ 0-1


[Site "https://www.chess.com"]

[Event "Titled Tuesday Blitz December 27 Early 2022"]
[White "Movahed, Sina"]
[Black "Preotu, Razvan"]
[WhiteFideId "42520835"]
[BlackFideId "2613280"]
[WhiteElo "2340"]
[BlackElo "2475"]
[Result "1-0"]
[Round "10"]
[TimeControl "180+2"]
[Date "2022.12.27"]
[WhiteClock "0:00:21"]
[BlackClock "0:00:04"]

1. e4 c5 2. Nf3 d6 3. d4 cxd4 4. Nxd4 Nf6 5. Nc3 a6 6. Bg5 e6 7. f4 Be7 8. Qf3 Qc7 9. O-O-O Nbd7 10. g4 b5 11. Bxf6 Nxf6 12. g5 Nd7 13. f5 O-O 14. Rg1 b4 15. Nce2 e5 16. f6 exd4 17. fxe7 Re8 18. Nxd4 Ne5 19. Qf4 Qc5 20. Rg2 g6 21. h4 Bh3 22. Rf2 Bxf1 23. Rfxf1 Rxe7 24. h5 Nd7 25. h6 Rc8 26. Rd2 Qe5 27. Qxe5 Nxe5 28. Nf3 Nc4 29. Re2 Rc5 30. b3 Ne5 31. Nxe5 Rcxe5 32. Rd2 R7e6 33. Rf6 Rxg5 34. Rxd6 Rge5 35. Rfxe6 fxe6 36. Rd8+ Kf7 37. Rd7+ Kf6 38. Rxh7 Kg5 39. Rh8 Rxe4 40. Kd2 e5 41. c4 bxc3+ 42. Kxc3 Re2 43. a4 e4 44. b4 Ra2 45. b5 Rxa4 46. b6 e3 47. b7 e2 48. Re8 Ra3+ 49. Kb2 Ra5 50. b8=Q Rb5+ 51. Qxb5+ axb5 52. h7 1-0


[Site "https://www.chess.com"]

[Event "Titled Tuesday Blitz December 27 Early 2022"]
[White "Musovic, Armin"]
[Black "Ankerst, Mihael"]
[WhiteFideId "939935"]
[BlackFideId "14602369"]
[WhiteElo "2261"]
[BlackElo "2370"]
[Result "1-0"]
[Round "10"]
[TimeControl "180+2"]
[Date "2022.12.27"]
[WhiteClock "0:02:10"]
[BlackClock "0:00:09"]

1. a3 g6 2. Nc3 Bg7 3. e4 c5 4. Bc4 Nc6 5. d3 e6 6. Bf4 Nge7 7. Nb5 O-O 8. Bc7 d5 9. Bxd8 Rxd8 10. exd5 exd5 11. Ba2 Bxb2 12. Ne2 Bg4 13. f3 Bxa1 14. Qxa1 Bf5 15. g4 Bc8 16. O-O a6 17. Nc7 Ra7 18. Nf4 c4 19. Qf6 b5 20. Ncxd5 Nxd5 21. Nxd5 Be6 22. dxc4 Rad7 23. cxb5 Bxd5 24. Bxd5 Nd4 25. Bxf7+ 1-0


[Site "https://www.chess.com"]

[Event "Titled Tuesday Blitz December 27 Early 2022"]
[White "Ordekalog"]
[Black "Potapova, Margarita"]
[BlackFideId "14126869"]
[WhiteElo "2826"]
[BlackElo "2104"]
[Result "1-0"]
[Round "10"]
[TimeControl "180+2"]
[Date "2022.12.27"]
[WhiteClock "0:00:10"]
[BlackClock "0:00:05"]

1. e4 c5 2. d3 Nc6 3. g3 g6 4. Bg2 Bg7 5. f4 e6 6. Nf3 Nge7 7. c3 O-O 8. Be3 d6 9. O-O b6 10. Na3 Bb7 11. Bf2 Rc8 12. Nc2 Qc7 13. Rc1 Rfd8 14. Re1 Qb8 15. g4 Na5 16. Bh4 Re8 17. Qe2 Ba6 18. Rcd1 Qc7 19. Qf2 h6 20. Bf1 Qd7 21. h3 Qa4 22. a3 Qb3 23. Na1 Qa4 24. Bg3 Red8 25. Bh4 Re8 26. Rb1 Qd7 27. Nc2 Nb3 28. Ne3 Nc6 29. Rbd1 d5 30. Nc2 Qc7 31. e5 d4 32. c4 b5 33. Nh2 bxc4 34. dxc4 Nca5 35. Bf6 Bxc4 36. f5 exf5 37. Bxg7 Kxg7 38. gxf5 Rxe5 39. f6+ Kh7 40. Ng4 Rg5 41. Re7 Qd6 42. Bxc4 Nxc4 43. Rxf7+ Kh8 44. Qh4 Rh5 45. Qf2 Rg5 46. Re1 d3 47. Ree7 Kg8 48. Rg7+ Kf8 49. Rgf7+ Kg8 50. Qe1 d2 51. Rg7+ Kf8 52. Ref7# 1-0


[Site "https://www.chess.com"]

[Event "Titled Tuesday Blitz December 27 Early 2022"]
[White "Oro, Faustino"]
[Black "Bilan, Danila"]
[WhiteFideId "20000197"]
[BlackFideId "24161918"]
[WhiteElo "2269"]
[BlackElo "2303"]
[Result "1-0"]
[Round "10"]
[TimeControl "180+2"]
[Date "2022.12.27"]
[WhiteClock "0:00:32"]
[BlackClock "0:00:03"]

1. e4 c6 2. d4 d5 3. e5 Bf5 4. h4 h6 5. g4 Bd7 6. Bd3 c5 7. c3 Nc6 8. Be3 cxd4 9. cxd4 Qb6 10. Qd2 Nxd4 11. Bf1 Nc2+ 12. Qxc2 d4 13. Bf4 Bxg4 14. Nd2 Rc8 15. Nc4 Qb4+ 16. Bd2 Qc5 17. Rc1 b5 18. Qe4 bxc4 19. Qxg4 c3 20. bxc3 Qxe5+ 21. Be2 Rd8 22. Nf3 Qe6 23. Qxe6 fxe6 24. cxd4 Nf6 25. Ne5 1-0


[Site "https://www.chess.com"]

[Event "Titled Tuesday Blitz December 27 Early 2022"]
[White "Orzech, Dominik"]
[Black "Gurevich, Dmitry"]
[WhiteFideId "1115065"]
[BlackFideId "2000407"]
[WhiteElo "2308"]
[BlackElo "2393"]
[Result "0-1"]
[Round "10"]
[TimeControl "180+2"]
[Date "2022.12.27"]
[WhiteClock "0:02:24"]
[BlackClock "0:02:36"]

1. e4 c5 2. f3 d5 3. exd5 Nf6 4. Bb5+ Bd7 5. Bxd7+ Qxd7 6. c4 e6 7. dxe6 Qxe6+ 8. Qe2 Qxe2+ 9. Nxe2 Nc6 10. a3 Na5 11. d3 O-O-O 12. Nf4 Nb3 0-1


[Site "https://www.chess.com"]

[Event "Titled Tuesday Blitz December 27 Early 2022"]
[White "Ozen, Bahadir"]
[Black "Makarian, Rudik"]
[WhiteFideId "6337058"]
[BlackFideId "44105681"]
[WhiteElo "2369"]
[BlackElo "2545"]
[Result "1/2-1/2"]
[Round "10"]
[TimeControl "180+2"]
[Date "2022.12.27"]
[WhiteClock "0:00:16"]
[BlackClock "0:00:07"]

1. g3 Nf6 2. Nf3 b5 3. Bg2 Bb7 4. O-O e6 5. b3 Be7 6. c4 b4 7. a3 a5 8. axb4 axb4 9. Rxa8 Bxa8 10. d3 O-O 11. Nbd2 c5 12. Bb2 Nc6 13. Qa1 Bb7 14. Ne5 Qc7 15. Nxc6 Bxc6 16. d4 Ra8 17. Qb1 cxd4 18. Bxd4 e5 19. Bb2 Bxg2 20. Kxg2 Qc6+ 21. Kg1 d6 22. Rd1 h5 23. Nf1 Qe4 24. Ne3 Qxb1 25. Rxb1 g6 26. Ra1 Rxa1+ 27. Bxa1 Kf8 28. Nc2 Ne4 29. Nxb4 Nc5 30. Nd5 Nxb3 31. Bc3 Ke8 32. f3 Bd8 33. Kf2 Ba5 34. Ke3 Bxc3 35. Nxc3 Kd7 36. h3 Ke6 37. Ne4 Na5 38. Kd3 Nc6 39. Ng5+ Ke7 40. e3 Na5 41. Ne4 Kd7 42. Kc3 Nc6 43. Kd3 Ne7 44. g4 h4 45. f4 Nc6 46. Ng5 f5 47. gxf5 gxf5 48. e4 fxe4+ 49. Kxe4 exf4 50. Kxf4 Ne5 51. c5 Nd3+ 52. Ke3 Nxc5 53. Nf3 Ne6 54. Nxh4 Ng5 55. Nf5 Nxh3 56. Nxd6 1/2-1/2


[Site "https://www.chess.com"]

[Event "Titled Tuesday Blitz December 27 Early 2022"]
[White "Pakleza, Zbigniew"]
[Black "Zierk, Steven"]
[WhiteFideId "1119290"]
[BlackFideId "2034255"]
[WhiteElo "2494"]
[BlackElo "2488"]
[Result "0-1"]
[Round "10"]
[TimeControl "180+2"]
[Date "2022.12.27"]
[WhiteClock "0:00:02"]
[BlackClock "0:00:13"]

1. d4 d5 2. Bf4 Nf6 3. e3 c5 4. c3 e6 5. Nd2 Bd6 6. Bg3 O-O 7. Ngf3 Qc7 8. Be2 Nbd7 9. c4 Bxg3 10. hxg3 e5 11. cxd5 cxd4 12. exd4 e4 13. Rc1 Qd6 14. Ne5 Nxe5 15. dxe5 Qxe5 16. Nc4 Qxd5 17. O-O Be6 18. Qb3 Qg5 19. Qxb7 Bxc4 20. Rxc4 e3 21. Qf3 exf2+ 22. Qxf2 Rad8 23. Qf4 Qa5 24. Bf3 Qxa2 25. b4 Rfe8 26. Rc7 Qa6 27. Rfc1 Qb6+ 28. Kh2 Rd4 29. Qg5 h6 30. Qc5 Rxb4 31. Rxa7 Qb8 32. Qc7 Rf8 33. Qxb8 Rbxb8 34. Rcc7 Nh7 35. Bd5 Ng5 36. g4 Rbd8 37. Rd7 Rxd7 38. Rxd7 Re8 39. Rc7 g6 40. Bc4 Re4 41. Kg3 Kg7 42. Bf1 Rd4 43. Bc4 Ne4+ 0-1


[Site "https://www.chess.com"]

[Event "Titled Tuesday Blitz December 27 Early 2022"]
[White "Peatman, Carter"]
[Black "Cardona, Liulia"]
[WhiteFideId "2096480"]
[BlackFideId "3505189"]
[WhiteElo "1998"]
[BlackElo "2115"]
[Result "1-0"]
[Round "10"]
[TimeControl "180+2"]
[Date "2022.12.27"]
[WhiteClock "0:00:22"]
[BlackClock "0:00:08"]

1. d4 f5 2. Bf4 Nf6 3. Nf3 g6 4. e3 Bg7 5. h3 O-O 6. c4 d6 7. Bh2 h6 8. Nc3 c6 9. Be2 Na6 10. O-O Nc7 11. Rc1 e6 12. b4 Ne4 13. a4 Qe7 14. Nd2 Nxc3 15. Rxc3 e5 16. Nf3 e4 17. Nd2 Rd8 18. Qb3 Kh8 19. b5 c5 20. dxc5 dxc5 21. Rc2 Ne6 22. Nb1 Ng5 23. Nc3 Be6 24. Nd5 Bxd5 25. cxd5 Nf7 26. Rfc1 b6 27. a5 Be5 28. Bxe5+ Qxe5 29. Bc4 Nd6 30. Rd2 Kg7 31. Rcd1 Kf6 32. Qc2 g5 33. Re2 h5 34. Kh1 Rh8 35. Rf1 h4 36. f4 exf3 37. Rxf3 Ne4 38. Re1 Ke7 39. Bd3 Raf8 40. d6+ Kxd6 41. axb6 axb6 42. Rd1 Kc7 43. Bxe4 fxe4 44. Rxf8 Rxf8 45. Qd2 Qe6 46. Ra1 Kb7 47. Qb2 1-0


[Site "https://www.chess.com"]

[Event "Titled Tuesday Blitz December 27 Early 2022"]
[White "Piesik, Piotr"]
[Black "Goncalves, Davi Sulzbacher"]
[WhiteFideId "1136194"]
[BlackFideId "2154510"]
[WhiteElo "2426"]
[BlackElo "2282"]
[Result "0-1"]
[Round "10"]
[TimeControl "180+2"]
[Date "2022.12.27"]
[WhiteClock "0:00:28"]
[BlackClock "0:00:22"]

1. Nf3 Nf6 2. g3 g6 3. Bg2 Bg7 4. O-O O-O 5. d4 d5 6. c4 c6 7. Nc3 dxc4 8. a4 a5 9. e3 Bf5 10. Ne5 Na6 11. Nxc4 Nb4 12. e4 Bg4 13. f3 Be6 14. Ne5 c5 15. d5 Bc8 16. Nc4 b6 17. Be3 Ba6 18. Nb5 Ne8 19. Qe2 Bxb5 20. axb5 Nd6 21. Nxd6 exd6 22. Rf2 Qd7 23. Qf1 a4 24. Bh3 Qe8 25. Qc4 Ra5 26. Bf1 Qa8 27. Ra3 f5 28. Kg2 fxe4 29. fxe4 Rxf2+ 30. Bxf2 Bxb2 31. Rf3 a3 32. e5 Bxe5 33. Qg4 Qe8 34. Be3 Nc2 35. Bd2 a2 36. Bxa5 a1=Q 37. Bd2 Ne1+ 38. Bxe1 Qxe1 39. Bd3 Bd4 40. Bxg6 hxg6 0-1


[Site "https://www.chess.com"]

[Event "Titled Tuesday Blitz December 27 Early 2022"]
[White "Pinheiro, Iung Alicio de O."]
[Black "Makhmudov, Shukhrat"]
[WhiteFideId "2104350"]
[BlackFideId "14200775"]
[WhiteElo "2306"]
[BlackElo "2115"]
[Result "1-0"]
[Round "10"]
[TimeControl "180+2"]
[Date "2022.12.27"]
[WhiteClock "0:00:17"]
[BlackClock "0:00:06"]

1. d4 Nf6 2. c4 e6 3. g3 d5 4. Bg2 c6 5. Nf3 Be7 6. O-O O-O 7. Nbd2 Nbd7 8. Qc2 b6 9. Rd1 Bb7 10. e4 c5 11. exd5 exd5 12. dxc5 Bxc5 13. Nb3 Qc7 14. Bf4 Qc8 15. Rac1 dxc4 16. Qxc4 Re8 17. Ng5 Rf8 18. Nxc5 Nxc5 19. Bd6 Bxg2 20. Bxf8 Qb7 21. Bxc5 bxc5 22. Nxf7 Bd5 23. Nd6 Qc6 24. Qxc5 Qxc5 25. Rxc5 Bxa2 26. Nf5 Bb3 27. Re1 g6 28. Ne7+ Kg7 29. Rc7 Kh6 30. Nc6 a5 31. Nd4 Bd5 32. f3 a4 33. h4 a3 34. bxa3 Rxa3 35. g4 1-0


[Site "https://www.chess.com"]

[Event "Titled Tuesday Blitz December 27 Early 2022"]
[White "Prieto Aranguren, Alain"]
[Black "Silva, Miguel Antonio Neto"]
[WhiteFideId "2268906"]
[BlackFideId "1911929"]
[WhiteElo "2258"]
[BlackElo "2204"]
[Result "1-0"]
[Round "10"]
[TimeControl "180+2"]
[Date "2022.12.27"]
[WhiteClock "0:00:33"]
[BlackClock "0:00:15"]

1. e4 e6 2. d4 d5 3. exd5 exd5 4. Bd3 Bd6 5. Nf3 Ne7 6. O-O Bg4 7. c3 Nd7 8. Nbd2 c6 9. Re1 Qc7 10. Nf1 O-O-O 11. b4 Bf5 12. a4 Bxd3 13. Qxd3 f6 14. a5 a6 15. Ne3 Rhe8 16. Bd2 Nf8 17. Nf5 Nxf5 18. Qxf5+ Qd7 19. Qxd7+ Kxd7 20. g3 g5 21. Kg2 Ng6 22. Rxe8 Rxe8 23. Re1 Ne7 24. h4 h6 25. hxg5 hxg5 26. Rh1 Nf5 27. Rh7+ Re7 28. Rh8 Bc7 29. Kf1 Nd6 30. g4 Bd8 31. Be1 Re4 32. Nd2 Rxg4 33. Nb3 Rh4 34. Nc5+ Kc8 35. Rf8 Rh7 36. Ne6 Rd7 37. f3 Nf7 38. Bg3 Re7 39. Nxd8 Nxd8 40. Rxf6 Kd7 41. Rg6 Re3 42. Rg7+ Ke6 43. Rxg5 Rxf3+ 44. Kg2 Rxc3 45. Rg8 Nf7 46. Rb8 Rc4 47. Rxb7 Rxd4 48. Rb6 Rd2+ 49. Kf1 Ng5 50. Rxc6+ Kf5 51. Rxa6 Ne4 52. Be1 Rb2 53. Ra8 d4 54. a6 d3 55. a7 d2 56. Rf8+ Ke5 57. Re8+ Kf4 58. Rxe4+ Kxe4 59. a8=Q+ Kd3 60. Qd5+ Ke3 61. Qxd2+ 1-0


[Site "https://www.chess.com"]

[Event "Titled Tuesday Blitz December 27 Early 2022"]
[White "Quinones Garcia, Santiago"]
[Black "Lewtak, Damian"]
[WhiteFideId "4408497"]
[BlackFideId "1141724"]
[WhiteElo "2248"]
[BlackElo "2381"]
[Result "1-0"]
[Round "10"]
[TimeControl "180+2"]
[Date "2022.12.27"]
[WhiteClock "0:00:32"]
[BlackClock "0:00:28"]

1. d4 Nf6 2. c4 e6 3. Nc3 c5 4. d5 exd5 5. cxd5 d6 6. Bf4 a6 7. a4 g6 8. h3 Bg7 9. e3 O-O 10. Nf3 Qe7 11. Nd2 Nbd7 12. Nc4 Ne8 13. Be2 Rb8 14. a5 b5 15. axb6 Nxb6 16. Na5 Bd7 17. O-O Nc7 18. Nc6 Bxc6 19. dxc6 Rfd8 20. Bxa6 Bxc3 21. bxc3 Ncd5 22. Bg3 Nxc3 23. Qc2 Ncd5 24. Bb7 Nb4 25. Qc3 Qc7 26. Rfd1 Nxc6 27. Bxc6 Qxc6 28. Ra7 Rb7 29. Qf6 Re8 30. Rxd6 Qxd6 31. Bxd6 Rxa7 32. Be5 Rxe5 33. Qxe5 Nd7 34. Qd5 Rc7 35. Qd6 Ra7 36. h4 h5 37. f3 c4 38. Qc6 Ra1+ 39. Kh2 Rd1 40. Qxc4 Nf8 41. g4 hxg4 42. fxg4 Ne6 43. h5 gxh5 44. gxh5 Rd2+ 45. Kg3 Kg7 46. Qc3+ 1-0


[Site "https://www.chess.com"]

[Event "Titled Tuesday Blitz December 27 Early 2022"]
[White "Rangel, Daniel"]
[Black "Vlassov, Nikolai"]
[WhiteFideId "2124475"]
[BlackFideId "4103360"]
[WhiteElo "2207"]
[BlackElo "2283"]
[Result "0-1"]
[Round "10"]
[TimeControl "180+2"]
[Date "2022.12.27"]
[WhiteClock "0:01:45"]
[BlackClock "0:01:33"]

1. c4 e5 2. g3 h5 3. Bg2 h4 4. Nc3 Bb4 5. e3 Bxc3 6. bxc3 d6 7. Ne2 h3 8. Be4 Nf6 9. Bc2 b6 10. d3 Bg4 11. O-O Bf3 12. e4 Ng4 13. Qd2 Qf6 14. Bd1 Bg2 15. f4 Bxf1 16. Kxf1 Nxh2+ 17. Kf2 Ng4+ 18. Kf3 h2 19. Ba4+ Kf8 20. Ba3 exf4 21. Kxg4 fxg3 22. Nxg3 Rh4# 0-1


[Site "https://www.chess.com"]